 Dungeon Crawl Stone Soup version 0.29-a0-317-gd16b76e6b1 (webtiles) character file.

Game seed: 9982739879034416141

1057 Dabor the Contemplative (level 8, -1/60 HPs)
             Began as a Demonspawn Transmuter on Mar 31, 2022.
             Was a Priest of Cheibriados.
             Slain by a scorpion (7 damage)
             ... on level 5 of the Dungeon.
             The game lasted 00:06:29 (5543 turns).

Dabor the Contemplative (Demonspawn Transmuter)     Turns: 5543, Time: 00:06:30

Health: -1/60      AC:  4    Str: 14 (16) XL:     8   Next: 6%
Magic:  14/14      EV: 15    Int: 17 (19) God:    Cheibriados [***...]
Gold:   72         SH:  0    Dex: 24 (26) Spells: 12/15 levels left

rFire   . . .      SeeInvis +   v - +9 dire flail "Simuczat" {venom, Str-4 Dex+5 SInv}
rCold   . . .      Faith    .   (shield currently unavailable)
rNeg    . . .      Spirit   .   a - +0 robe
rPois   .          Reflect  .   (no helmet)
rElec   .          Harm     .   y - +0 cloak
rCorr   .          Rampage  .   (no gloves)
Will    .....      Rage     1%  (no boots)
Stlth   ++........              (no amulet)
HPRegen 0.20/turn               (no ring)
MPRegen 0.14/turn               (no ring)

@: mighty, lethally poisoned (-1 -> -4), very slow
A: slimy green scales 1, weakness stinger 1, berserk 1, deformed body, dopey 1
a: Renounce Religion, Bend Time, Temporal Distortion


You were on level 5 of the Dungeon.
You worshipped Cheibriados.
Cheibriados was most pleased with you.
You visited 1 branch of the dungeon, and saw 5 of its levels.

You collected 279 gold pieces.
You spent 207 gold pieces at shops.

Inventory:

Hand Weapons
 i - a +1 vampiric short sword
 r - a +4 hand axe
 v - the +9 dire flail "Simuczat" (weapon) {venom, Str-4 Dex+5 SInv}
   (You bought it in a shop on level 4 of the Dungeon)

   It poisons the flesh of those it strikes.
   Str:       It affects your strength (-4).
   Dex:       It affects your dexterity (+5).
   SInv:      It lets you see invisible.
Missiles
 t - 3 poisoned darts
Armour
 a - a +0 robe (worn)
 q - a +0 buckler of poison resistance
 y - a +0 cloak (worn)
Jewellery
 e - an amulet of regeneration
Wands
 k - a wand of iceblast (14)
Scrolls
 c - 2 scrolls of amnesia {unknown}
 f - 3 scrolls of vulnerability {unknown}
 j - 4 scrolls of identify {unknown}
 l - 4 scrolls of noise {unknown}
 n - a scroll of enchant armour {unknown}
 s - 2 scrolls of enchant weapon {unknown}
 u - a scroll of blinking {unknown}
Potions
 b - a potion of lignification
 o - a potion of curing {unknown}
 p - a potion of invisibility {unknown}
 w - 2 potions of magic {unknown}
 x - 2 potions of haste {unknown}


   Skills:
 + Level 3.8 Fighting
 + Level 1.4 Maces & Flails
 + Level 3.8 Dodging
 - Level 4.0 Unarmed Combat
 + Level 4.1 Spellcasting
 + Level 3.8 Transmutations
 + Level 4.4 Invocations


You had 12 spell levels left.
You knew the following spells:

 Your Spells              Type           Power      Damage    Failure   Level
a - Beastly Appendage     Tmut           32%        N/A       3%          1
b - Wereblood             Tmut           16%        N/A       4%          2

Your spell library contained the following spells:

 Spells                   Type           Power      Damage    Failure   Level
 Magic Dart               Conj           12%        1d3       16%         1
 Shock                    Conj/Air       12%        1d3       16%         1
 Spider Form              Tmut/Pois      10%        N/A       22%         3
 Call Imp                 Summ           3%         N/A       24%         2
 Mephitic Cloud           Conj/Pois/Air  3%         N/A       43%         3
 Swiftness                Air            3%         N/A       43%         3
 Ice Form                 Ice/Tmut       10%        N/A       56%         4
 Airstrike                Air            1%         N/A       83%         4


Dungeon Overview and Level Annotations

Branches:
Dungeon (5/15)
 Temple: D:4-7

Altars:
Cheibriados

Shops:
D:1 :   D:4 (:


Innate Abilities, Weirdness & Mutations

You are partially covered in slimy green scales. (AC +2)
You have a small tail.
You tend to lose your temper in combat.
Armour fits poorly on your strangely shaped body.
You are dopey. (Int -2)


Message History

You feel sick. The scorpion barely misses you.
The water moccasin barely misses you. The scorpion stings you.
You are too injured to fight recklessly!
You barely miss the water moccasin.
The water moccasin is heavily wounded.
You feel sick. The water moccasin misses you. The water moccasin bites you!
The scorpion barely misses you.
You sock the water moccasin!
You claw the water moccasin, but do no damage.
Your tail-slap misses the water moccasin.
The water moccasin is almost dead.
You feel sick. The water moccasin misses you. The scorpion misses you.
The water moccasin bites you.
It was a potion of degeneration.
There was something very wrong with that liquid.
You feel weakened.
You feel dopey.
You feel clumsy.
You feel sick. The scorpion misses you. The water moccasin barely misses you.
The scorpion stings you but does no damage.
It was a potion of cancellation.
Your magical effects are unravelling.
You feel magically purged.
Your horns disappear.
Your talons disappear.
You are no longer corroded.
You feel sick. The water moccasin bites you.
* * * LOW HITPOINT WARNING * * *
The scorpion completely misses you. The water moccasin barely misses you.
It was a potion of mutation.
You feel extremely strange.
Your body twists and deforms.
You feel a little pissed off.
You feel stupid.
You feel sick. The scorpion barely misses you.
The water moccasin bites you but does no damage.
It was a potion of might.
You feel very mighty all of a sudden. The water moccasin misses you.
The scorpion stings you.
* * * LOW HITPOINT WARNING * * *
You bludgeon the water moccasin!!
You kill the water moccasin!
Cheibriados thoroughly appreciates the change of pace.
You feel sick. The scorpion stings you.
* * * LOW HITPOINT WARNING * * *
The scorpion stings you!
You die...

...........##### .#
...........# ..
#..........### ###.
.............###
#...##..........#...# #
#....................
#..#......#####.####....
#.........# #.# #.###
#.....†@.### ##.# #.....
##....s#...###..##..####
#......##..#..##### ##.
#.#..#. ##.....## ##..
#.................##...
#....#.................
#..#............>....†.
..##..#................
....#...........##.


You could see a scorpion.

Vanquished Creatures
  Edmund (D:5)
  A water moccasin (D:5)
  A black bear (D:4)
  2 ogres
  3 phantoms
  3 scorpions (D:4)
  A hound (D:4)
  2 jellies (D:5)
  2 iguanas
  4 gnolls (D:4)
  4 adders
  3 ufetubi
  A worm (D:3)
  3 orcs
  5 ball pythons
  5 endoplasms
  5 giant cockroaches
  5 goblins
  4 hobgoblins
  2 jackals (D:4)
  A quokka (D:2)
  2 bats (D:1)
  3 frilled lizards
  5 kobolds
  8 rats
76 creatures vanquished.

Notes
Turn   | Place    | Note
-------+----------+-------------------------------------------
     0 | D:1      | Dabor the Demonspawn Transmuter began the quest for the
                  | Orb.
     0 | D:1      | Reached XP level 1. HP: 15/15 MP: 3/3
   145 | D:1      | Found Ydu Ome's Book Shoppe.
   426 | D:1      | Found a faded altar of an unknown god.
   435 | D:1      | Gained mutation: You are partially covered in slimy green
                  | scales. (AC +2) [demonic ancestry]
   435 | D:1      | Reached XP level 2. HP: 20/21 MP: 3/5
   570 | D:1      | Prayed at the altar of an unknown god.
   570 | D:1      | Became a worshipper of Cheibriados the Contemplative
   570 | D:1      | Reached * piety under Cheibriados
  1786 | D:2      | Reached XP level 3. HP: 26/26 MP: 4/6
  2790 | D:3      | Reached ** piety under Cheibriados
  2871 | D:3      | Noticed a phantom
  2887 | D:3      | Killed a phantom
  2888 | D:3      | Reached skill level 1 in Invocations
  2888 | D:3      | Reached XP level 4. HP: 13/33 MP: 7/7
  3383 | D:4      | Noticed an ogre
  3389 | D:4      | Killed an ogre
  3390 | D:4      | Reached XP level 5. HP: 39/39 MP: 6/9
  3590 | D:4      | Gained mutation: You have a small tail. [demonic ancestry]
  3590 | D:4      | Reached XP level 6. HP: 17/46 MP: 10/10
  3605 | D:4      | Learned a level 2 spell: Wereblood
  4627 | D:4      | Reached XP level 7. HP: 34/52 MP: 12/12
  4754 | D:4      | Found Qeafyna's Antique Weapon Emporium.
  4759 | D:4      | Bought a twisted dire flail for 207 gold pieces
  4759 | D:4      | Identified the +9 dire flail "Simuczat" {venom, Str-4 Dex+5
                  | SInv} (You bought it in a shop on level 4 of the Dungeon)
  4960 | D:4      | Reached *** piety under Cheibriados
  4962 | D:4      | Found Yngusoer's Book Shoppe.
  5008 | D:5      | Entered Level 5 of the Dungeon
  5029 | D:5      | Noticed Edmund
  5037 | D:5      | Killed Edmund
  5379 | D:5      | Reached skill level 1 in Maces & Flails
  5483 | D:5      | Reached XP level 8. HP: 54/60 MP: 11/14
  5541 | D:5      | Gained mutation: Armour fits poorly on your strangely
                  | shaped body. [potion of mutation]
  5541 | D:5      | Gained mutation: You tend to lose your temper in combat.
                  | [potion of mutation]
  5541 | D:5      | Gained mutation: You are dopey. (Int -2) [potion of
                  | mutation]
  5543 | D:5      | Slain by a scorpion

Illustrated notes

Levels and vault maps discovered:
D:1:      heliophobic_arrival_dark_side_of_the_moon, layout_loops_corners,
          serial_shops, nicolae_shop_advertising_works
          [nicolae_subvault_shop_adworks],
          hellmonk_ecumenical_altar_arch_garden, kennysheep_nondescript,
          hex_medium, minmay_hexomino_p4
D:2:      layout_loops_corners
D:3:      layout_basic, serial_park_tiny_2
D:4:      layout_rooms, serial_shops, nicolae_lakefront_shop,
          kennysheep_little_box
D:5:      layout_rooms, old_standard_altar, temple_hall, minmay_misc_feat_iff,
          st_stairs_8, uniq_edmund

Skill      XL: |  1  2  3  4  5  6  7 |
---------------+----------------------+-----
Dodging        | 2 3 |  3.8
Transmutations | 2 3 |  3.8
Fighting       | 2 3 |  3.8
Unarmed Combat | 3 4 |  4.0
Invocations    | 1 2 3 4 |  4.4
Spellcasting   | 3 4 |  4.1
Maces & Flails | 1 |  1.4

Action                   |  1- 3 |  4- 6 |  7- 9 || total
-------------------------+-------+-------+-------++-------
Melee: Unarmed           |    42 |       |       ||    42
       Kick              |     9 |    11 |    17 ||    37
       Short sword       |    39 |       |       ||    39
       Headbutt          |     4 |    10 |    10 ||    24
       Punch             |     2 |     1 |       ||     3
       Hand axe          |    16 |    69 |       ||    85
       Tailslap          |       |     7 |     5 ||    12
       Dire flail        |       |       |    42 ||    42
Throw: Dart              |       |     5 |       ||     5
 Cast: Beastly Appendage |    18 |     9 |     6 ||    33
       Wereblood         |       |     2 |     2 ||     4
  Use: Potion            |       |       |     4 ||     4
 Stab: Sleeping          |     4 |     2 |       ||     6
Armor: Robe              |    18 |     9 |     9 ||    36
Dodge: Dodged            |    57 |    37 |    41 ||   135
Block: Buckler           |       |     9 |       ||     9

Table legend: (Time is in decaauts)
 A = Elapsed time spent in this place.
 B = Non-inter-level travel time spent in this place.
 C = Inter-level travel time spent in this place.
 D = Time resting spent in this place.
 E = Time spent auto-exploring this place.
 F = Levels seen in this place.
 G = Mean time per level.
                   A        B        C        D        E       F      G
               +--------+--------+--------+--------+--------+-----+--------+
         Total |   6717 |   6465 |    252 |    930 |   4761 |   5 | 1343.4 |
       Dungeon |   6717 |   6465 |    252 |    930 |   4761 |   5 | 1343.4 |
               +--------+--------+--------+--------+--------+-----+--------+

Top non-repeatable levels by time:
     D:4: 1970 daAuts
     D:2: 1791 daAuts
     D:1: 1370 daAuts
     D:3: 952 daAuts
     D:5: 631 daAuts
